 Dungeon Crawl Stone Soup version 0.17-a0-2074-gaf3f87d (webtiles) character file.

11321 gshimself the Grappler (level 11, -4/113 HPs)
             Began as a Troll Berserker on Oct 15, 2015.
             Was a High Priest of Trog.
             Slain by a worker ant (8 damage)
             ... on level 11 of the Dungeon.
             The game lasted 00:31:53 (8525 turns).

gshimself the Grappler (Troll Berserker)            Turns: 8525, Time: 00:31:53

Health: -4/113     AC: -1    Str: 30    XL:     11   Next: 47%
Magic:  10/10      EV: 13    Int:  3    God:    Trog [*****.]
Gold:   476        SH:  0    Dex:  9    Spells: 0 memorised, 10 levels left

rFire  + + .     SeeInvis .       - Unarmed
rCold  x x .     Clarity  .     a - +1 animal skin
rNeg   . . .     SustAt   .     (no shield)
rPois  .         Gourm    +     (helmet restricted)
rElec  .         Spirit   .     E - +0 cloak
rCorr  .         Warding  .     (gloves unavailable)
rMut   .         Stasis   .     (boots unavailable)
MR     .....                    w - amulet of rage
Stlth  ++........               r - ring of fire
                                n - ring of fire

@: exhausted, corroded equipment, slowed, very slow, not resistant to hostile
enchantments, unstealthy
A: unfitting armour, claws 3, fast metabolism 3, gourmand, regeneration 2,
shaggy fur 1, tough skin 2
a: Burn Spellbooks, Berserk, Trog's Hand, Brothers in Arms, Renounce Religion,
Evoke Berserk Rage


You were on level 11 of the Dungeon.
You worshipped Trog.
Trog was extremely pleased with you.
You were full.

You visited 3 branches of the dungeon, and saw 11 of its levels.

You collected 876 gold pieces.
You spent 400 gold pieces at shops.

Inventory:

Hand Weapons
 y - a +1 demon blade of venom
Missiles
 m - 2 throwing nets (quivered)
Armour
 a - a +1 animal skin (worn)
 E - a +0 cloak (worn)
Jewellery
 n - a ring of fire (left claw)
 r - a ring of fire (right claw)
 w - an amulet of rage (around neck)
Wands
 e - a wand of slowing (21)
 f - a wand of fire (15)
 p - a wand of paralysis (8)
 G - a wand of cold (8)
Scrolls
 d - 3 scrolls of fear
 g - 4 scrolls of identify
 j - 5 scrolls of remove curse
 k - a scroll of recharging
 s - 2 scrolls of enchant weapon
 t - 2 scrolls of teleportation
Potions
 c - a potion of haste
 h - a potion of ambrosia {unknown}
 i - a potion of invisibility
 o - 2 potions of curing
 u - a potion of magic
 A - a potion of lignification {unknown}
 B - 2 potions of brilliance {unknown}
Comestibles
 b - 10 bread rations
 l - 11 chunks of flesh
 z - a meat ration
 C - a slice of pizza


   Skills:
 + Level 8.7 Fighting
 + Level 9.8 Dodging
 + Level 2.6 Stealth
 + Level 10.3 Unarmed Combat


You had 10 spell levels left.
You didn't know any spells.

Dungeon Overview and Level Annotations

Branches:
Dungeon (11/15)              Lair (1/8) D:9             Orc (1/4) D:9
 Temple: D:4-7

Altars:
Cheibriados
Dithmenos
Fedhas
Gozag
Okawaru
Ru
Sif Muna
Xom
The Shining One
Beogh

Shops:
D:8 =


Innate Abilities, Weirdness & Mutations

You are too large for most types of armour.
You have claws for hands.
Your metabolism is lightning-fast.
You like to eat raw meat.
You heal very quickly.
You are covered in fur (AC +1).
You have very tough skin (AC +2).


Message History

The wyvern bites you! The worker ant bites you.
* * * LOW HITPOINT WARNING * * *
The wyvern bites you!
* * * LOW HITPOINT WARNING * * *
Unknown command.
There are monsters nearby!
You feel better. The wyvern bites you!
* * * LOW HITPOINT WARNING * * *
The worker ant bites you!
* * * LOW HITPOINT WARNING * * *
The wyvern bites you!
* * * LOW HITPOINT WARNING * * *
The worker ant misses you.
Use which ability?
You're too exhausted to go berserk.
You mangle the wyvern!!
You kill the wyvern!
Trog accepts your kill. The worker ant bites you!
You die...

...............#
#.....#...##..#
#........##..#####
#........# #.#....
#.$......###...###
#........'....(...
#(.......####.####
#........##.......
#@.......##.......
.......†a....####.......
.............# ###)####
.............######.####
.....................?..
.............######.....
.............# ##....
.............# #....
##(..


You could see a worker ant.

Vanquished Creatures
  3 hill giants
  An elephant (D:9)
  A black mamba (Lair:1)
  A komodo dragon (Lair:1)
  2 centaur skeletons
  4 spiny frogs (Lair:1)
  3 two-headed ogres
  2 trolls (D:9)
  Grinder (D:3)
  4 blink frogs (Lair:1)
  A wyvern (D:11)
  A spriggan (D:8)
  A basilisk (Lair:1)
  2 hippogriffs
  2 sky beasts
  A water moccasin (D:7)
  4 ogres
  3 ice beasts
  A porcupine (Lair:1)
  2 black bears
  2 orc warriors
  2 centaurs
  A phantom (D:8)
  2 big kobolds
  2 crocodiles (Lair:1)
  5 giant frogs
  3 scorpions
  8 wights
  2 crimson imps
  8 orc priests
  2 hounds
  2 centaur zombies
  2 jellies
  2 quasits
  2 giant frog skeletons
  10 orc wizards
  4 worker ants
  9 iguanas
  2 sheep (D:9)
  A worker ant zombie (D:8)
  5 gnolls (D:2)
  13 adders
  12 river rats (Lair:1)
  2 shadow imps
  An adder zombie (D:9)
  2 worms (D:2)
  9 giant geckos
  21 orcs
  9 bats
  4 giant cockroaches
  10 hobgoblins
  2 jackals (D:1)
  13 kobolds
  9 quokkas
  2 ball pythons
  A giant newt (D:1)
  8 goblins
  A quokka skeleton (D:6)
  7 rats
242 creatures vanquished.

Notes
Turn   | Place    | Note
--------------------------------------------------------------
     0 | D:1      | gshimself the Troll Berserker began the quest for the Orb.
     0 | D:1      | Reached XP level 1. HP: 22/22 MP: 0/0
   139 | D:1      | Reached XP level 2. HP: 26/29 MP: 1/1
   232 | D:1      | Reached ** piety under Trog
   633 | D:2      | Found an opulent altar of Gozag.
   662 | D:2      | Found a deep blue altar of Sif Muna.
   784 | D:2      | Reached XP level 3. HP: 36/36 MP: 2/2
   914 | D:2      | Reached XP level 4. HP: 44/44 MP: 3/3
   953 | D:2      | Reached skill level 4 in Unarmed Combat
   997 | D:2      | Found a blossoming altar of Fedhas.
  1161 | D:2      | Found a snail-covered altar of Cheibriados.
  1605 | D:3      | Reached XP level 5. HP: 53/53 MP: 4/4
  1750 | D:3      | Reached *** piety under Trog
  1989 | D:3      | Noticed Grinder
  1998 | D:3      | Paralysed by Grinder for 5 turns
  2015 | D:3      | Killed Grinder
  2015 | D:3      | Reached skill level 5 in Unarmed Combat
  2015 | D:3      | Reached XP level 6. HP: 11/61 MP: 5/5
  2117 | D:3      | Found a glowing golden altar of the Shining One.
  2303 | D:3      | You fall through a shaft for 3 floors!
  2361 | D:6      | Reached XP level 7. HP: 44/68 MP: 6/6
  2417 | D:6      | Reached skill level 5 in Dodging
  2419 | D:6      | Reached **** piety under Trog
  2604 | D:6      | Reached skill level 1 in Stealth
  2604 | D:6      | Reached skill level 6 in Unarmed Combat
  2604 | D:6      | Reached XP level 8. HP: 78/78 MP: 7/7
  2695 | D:6      | Found a sacrificial altar of Ru.
  3442 | D:7      | Reached skill level 5 in Fighting
  3711 | D:7      | Reached skill level 7 in Unarmed Combat
  4227 | D:8      | Reached XP level 9. HP: 77/88 MP: 8/8
  4343 | D:8      | Noticed a hill giant
  4361 | D:8      | Killed a hill giant
  4700 | D:8      | Found Zuodeish's Jewellery Boutique.
  4733 | D:8      | Bought an uncursed amulet of rage for 400 gold pieces
  4821 | D:8      | Reached skill level 8 in Unarmed Combat
  5294 | D:9      | Reached XP level 10. HP: 23/100 MP: 9/9
  5416 | D:9      | Found a staircase to the Orcish Mines.
  5538 | D:9      | Found a shimmering altar of Xom.
  5553 | D:9      | Reached ***** piety under Trog
  5565 | D:9      | Found a shadowy altar of Dithmenos.
  5641 | D:9      | Found an iron altar of Okawaru.
  5702 | D:9      | Found a staircase to the Lair.
  5703 | D:9      | Noticed an elephant
  5735 | D:9      | Killed an elephant
  5738 | D:9      | Reached skill level 9 in Unarmed Combat
  6099 | D:10     | Entered Level 10 of the Dungeon
  6236 | D:10     | Noticed a hill giant
  6253 | D:10     | Killed a hill giant
  6309 | D:10     | Noticed a hill giant
  6317 | D:10     | Killed a hill giant
  6732 | Orc:1    | Entered Level 1 of the Orcish Mines
  6757 | Orc:1    | Found a roughly hewn altar of Beogh.
  6998 | Lair:1   | Entered Level 1 of the Lair of Beasts
  7104 | Lair:1   | Reached XP level 11. HP: 70/111 MP: 10/10
  7548 | Lair:1   | Reached skill level 10 in Unarmed Combat
  7805 | Lair:1   | Noticed a black mamba
  7830 | Lair:1   | Killed a black mamba
  8513 | D:11     | Received a gift from Trog
  8524 | D:11     | HP: 4/113 [wyvern (7)]
  8525 | D:11     | Slain by a worker ant

Vault maps used:
D:1:      lemuel_arrival_muddy, serial_forest, infiniplex_forest_corner_1,
          infiniplex_forest_zigzag_1, infiniplex_forest_clump_small,
          infiniplex_forest_clump_double, minivault_26,
          minmay_misc_feat_four_crosses
D:2:      minmay_door_path, nicolae_gozag_cash_rules_everything_around_me,
          cheibriados_altar_wand_db, lemuel_doored_altar, old_standard_altar
D:3:      lemuel_crystal_altar, first_bread, uniq_grinder
D:6:      nicolae_ru_the_path_less_chosen, nicolae_underground_beach
D:8:      serial_shops, shop, the_bakery
D:9:      kennysheep_mini_moat, nicolae_overflow_crystal_walls,
          david_lair_generic, basic_altar
D:10:     lemuel_upstairs_altar
D:11:     serial_shops, kennysheep_little_box, grunt_dithmenos_shadows
Orc:1:    basic_altar, serial_shops, shop

Action                   |  1- 3 |  4- 6 |  7- 9 | 10-12 || total
-------------------------+-------+-------+-------+-------++-------
Melee: Unarmed           |    79 |   161 |   280 |   267 ||   787
Invok: Berserk           |     1 |     4 |     7 |     7 ||    19
  Use: Scroll            |       |     6 |     2 |     3 ||    11
       Potion            |       |     2 |     3 |     3 ||     8
 Stab: Sleeping          |       |       |     1 |     1 ||     2
  Eat: Chunk             |     6 |    16 |    31 |    17 ||    70
       Meat ration       |     1 |       |       |     2 ||     3
       Bread ration      |       |       |     1 |     2 ||     3
       Fruit             |       |       |     1 |     2 ||     3
